 Dungeon Crawl Stone Soup version 0.27.0-1-g7a089689b8 (webtiles) character file.

Game seed: 18188082814135599637

6324 Anothat the Cleaver (level 10, -3/96 HPs)
             Began as a Deep Dwarf Fighter on Aug 8, 2021.
             Was an Initiate of Makhleb.
             Slain by a death scarab (5 damage)
             ... in a Gauntlet.
             The game lasted 00:20:39 (8276 turns).

Anothat the Cleaver (Deep Dwarf Fighter)            Turns: 8276, Time: 00:20:40

Health: -3/96      AC: 12    Str: 24    XL:     10   Next: 64%
Magic:  0/0        EV:  5    Int:  8    God:    Makhleb [......]
Gold:   315        SH: 13    Dex: 12    Spells: 9/9 levels left

rFire    . . .     SeeInvis .   G - +0 broad axe (spect)
rCold    . . .     Faith    .   c - +1 kite shield
rNeg     . . .     Spirit   .   E - +0 plate armour
rPois    .         Reflect  .   (no helmet)
rElec    .         Harm     .   x - +0 cloak
rCorr    .         Rampage  .   (no gloves)
Will     +....     NoTele   +   (no boots)
Stlth    ..........             (no amulet)
HPRegen  0.00/turn              (no ring)
MPRegen  0.07/turn              (no ring)

@: mighty, slowed, very slow
A: damage resistance, heal wounds, sense surroundings 2, no regeneration
a: Heal Wounds, Renounce Religion


You were in a Gauntlet.
You worshipped Makhleb.
Makhleb was noncommittal.
You visited 3 branches of the dungeon, and saw 11 of its levels.
You also visited: Gauntlet.

You collected 615 gold pieces.
You spent 300 gold pieces at shops.

Inventory:

Hand Weapons
 a - a +0 war axe
 v - the +6 hand axe "Ogreslayer" {pain, rElec Stlth+}
   (You bought it in a shop on level 5 of the Dungeon)

   In the hands of one skilled in necromantic magic, it inflicts extra damage on
   living creatures.
   rElec:     It insulates you from electricity.
   Stlth:     It makes you more stealthy.
 G - a +0 spectral broad axe (weapon)
Armour
 b - a +0 scale mail
 c - a +1 kite shield (worn)
 p - a +0 tower shield
 x - a +0 cloak (worn)
 A - a +0 scale mail
 E - a +0 plate armour (worn)
Jewellery
 g - a ring of protection from cold
 B - a +4 ring of protection
 D - a ring of poison resistance
Wands
 n - a wand of digging (6)
 y - a wand of iceblast (6)
Scrolls
 e - a scroll of identify
 j - 3 scrolls of enchant armour
 q - 2 scrolls of brand weapon
Potions
 d - a potion of might
 i - a potion of haste
 k - a potion of ambrosia
 l - a potion of brilliance
 s - 3 potions of lignification
 t - 2 potions of flight
 w - 2 potions of degeneration
 z - a potion of attraction
 C - 2 potions of mutation


   Skills:
 + Level 8.0 Fighting
 * Level 12.3 Axes
 - Level 3.7 Armour
 + Level 9.5 Shields


You had 9 spell levels left.
You didn't know any spells.
Your spell library contained the following spells:

 Spells                   Type           Power      Damage    Failure   Level
 Magic Dart               Conj           0%         1d3       100%        1
 Summon Small Mammal      Summ           0%         N/A       100%        1
 Call Imp                 Summ           0%         N/A       100%        2
 Corpse Rot               Necr/Air       N/A        N/A       100%        2
 Passwall                 Tmut/Erth      0%         N/A       100%        2
 Poisonous Vapours        Pois/Air       0%         N/A       100%        2
 Slow                     Hex            0%         N/A       100%        2
 Call Canine Familiar     Summ           0%         N/A       100%        3
 Confusing Touch          Hex            0%         N/A       100%        3
 Gell's Gravitas          Tloc           0%         N/A       100%        3
 Mephitic Cloud           Conj/Pois/Air  0%         N/A       100%        3
 Summon Guardian Golem    Hex/Summ       0%         N/A       100%        3
 Swiftness                Air            0%         N/A       100%        3
 Teleport Other           Tloc           0%         N/A       100%        3
 Freezing Cloud           Conj/Ice/Air   0%         6-21      100%        5
 Yara's Violent Unravell  Hex/Tmut       0%         3d3       100%        5
 Dispersal                Tloc           0%         N/A       100%        6
 Invisibility             Hex            0%         N/A       100%        6


Dungeon Overview and Level Annotations

Branches:
Dungeon (9/15)             Temple (1/1) D:6            Lair (1/6) D:8
Gauntlet (1/1)
    Orc: D:9-12

Altars:
Ashenzari
Cheibriados
Dithmenos
Elyvilon
Fedhas
Gozag
Hepliaklqana
Kikubaaqudgha
Makhleb
Nemelex Xobeh
Okawaru
Qazlal
Ru
Sif Muna
Trog
Uskayaw
Wu Jian
Xom
Yredelemnul
Zin
The Shining One

Shops:
D:1 :   D:5 (*   D:8 :

Portals:
Sewer: D:4

Annotations:
D:7 3 runed translucent doors, mirkoslavko's ghost, novice MiBe; skk's ghost, novice TeFi Gauntlet 11 transporters, exclusion: 2 lightning spires


Innate Abilities, Weirdness & Mutations

You are resistant to damage.
You can heal yourself by infusing magical energy.
You passively map the area around you.
You do not regenerate.


Message History

Okay, then.
Okay, then.
Okay, then.
Aiming: Paralyse
Press: ? - help, Shift-Dir - straight line, f/p - death scarab
Aim: a death scarab (lightly damaged, chance to affect: 15%)
The death scarab suddenly stops moving!
The now-empty wand crumbles to dust.
Okay, then.
You hit the spectral death yak.
The spectral death yak is lightly damaged.
Your spectral +0 spectral broad axe hits the spectral death yak!
The spectral death yak barely misses you.
The spectral death yak gores you!
* * * LOW HITPOINT WARNING * * *
You don't have enough innate magic capacity.
You slash the spectral death yak!
The spectral death yak is moderately damaged.
Your spectral +0 spectral broad axe hits the spectral death yak!
The spectral death yak gores you.
You block the spectral death yak's attack.
The shadow imp summons a swarm of flies.
You slice the spectral death yak!!
The spectral death yak is severely damaged.
Your spectral +0 spectral broad axe hits the spectral death yak but does no damage.
The spectral death yak gores you but does no damage. x2
You slice the spectral death yak!!
The spectral death yak is almost destroyed.
Your spectral +0 spectral broad axe hits the spectral death yak.
You block the spectral death yak's attack.
You slice the spectral death yak!!
You destroy the spectral death yak!
Makhleb accepts your kill.
Your Fighting skill increases to level 8!
The helpless death scarab fails to defend itself.
You slash the death scarab!
The death scarab is moderately damaged.
Your spectral +0 spectral broad axe hits the death scarab!
The death scarab is no longer paralysed.
You block the death scarab's attack. x2; The death scarab bites you.
You die...

§............≈.............≈###
.###########...###########..#
.#.2.......#...####.#.©P##..###
.#..##.##..#...#.#..#..#.#..#8#
##.#..#..#.######..##.##.#..###
.#"#..#..#.#...#[####.#.##..#
©#©.#####.5#©.©#©.##P#.###©.##
.#[#.. ©.#5#...#B(###....#..#8#
##[#..#..#2#####@##.#.#.##..###
.#..##.# .4#...#.....#.#.#..#
.#...... ..#.8.##.#.#.##.#..# *
*###...###########..#8 ,
...................## ,
..................§# * *
#################### * #8 #8
#8# 8# 8# * ## ### *##


You could see a reaper, a hellwing, a death scarab, 2 shadow imps and a friendly
spectral +0 spectral broad axe (summoned).

Vanquished Creatures
  A spectral death yak (Gauntlet)
  A manticore (D:8)
  A black mamba (Lair:1)
  A cane toad (Lair:1)
  A komodo dragon (D:7)
  A shadow (D:9)
  A wyvern (D:8)
  3 yaks (D:9)
  A basilisk (Lair:1)
  A steam dragon (D:8)
  2 wargs (D:8)
  3 water moccasins
  A sky beast (D:7)
  2 orc warriors
  An ice beast (D:8)
  2 black bears
  A hornet zombie (D:9)
  2 necrophages (D:6)
  2 ogres
  2 centaurs
  2 kobold brigands
  A bullfrog (Lair:1)
  3 scorpions
  A wyvern skeleton (D:7)
  A water moccasin skeleton (D:6)
  6 killer bees (D:8)
  2 centaur zombies
  3 howler monkeys
  3 hounds
  2 jellies
  A bullfrog zombie (D:6)
  5 orc priests
  2 iguanas
  12 orc wizards
  A hound zombie (D:5)
  2 hound skeletons
  A howler monkey zombie (D:7)
  3 gnolls (D:8)
  3 adders
  A white imp (D:8)
  An adder skeleton (D:4)
  5 dart slugs
  34 orcs
  7 ball pythons
  2 bats (D:2)
  6 endoplasms
  A giant cockroach (D:2)
  6 goblins
  8 hobgoblins
  14 jackals
  19 kobolds
  A quokka (D:2)
  4 frilled lizards
  5 rats
198 creatures vanquished.

Vanquished Creatures (others)
  A human (D:6)
  2 orcs (D:8)
  4 plants
  A withered plant (Gauntlet)
8 creatures vanquished.

Grand Total: 206 creatures vanquished

Notes
Turn   | Place    | Note
-------+----------+-------------------------------------------
     0 | D:1      | Anothat the Deep Dwarf Fighter began the quest for the Orb.
     0 | D:1      | Reached XP level 1. HP: 20/20 MP: 1/1
    60 | D:1      | Reached XP level 2. HP: 24/27 MP: 2/2
   159 | D:1      | Found Qeapesk's Book Shop.
   776 | D:2      | Reached XP level 3. HP: 17/34 MP: 3/3
  1046 | D:2      | Reached skill level 3 in Axes
  1583 | D:3      | Reached XP level 4. HP: 27/42 MP: 3/3
  2000 | D:3      | Found a faded altar of an unknown god.
  2237 | D:4      | Reached skill level 4 in Axes
  2237 | D:4      | Reached XP level 5. HP: 22/49 MP: 4/4
  2288 | D:4      | Found a basalt altar of Yredelemnul.
  2329 | D:4      | Noticed an ogre
  2349 | D:4      | Killed an ogre
  2405 | D:4      | Reached XP level 6. HP: 44/57 MP: 5/5
  2418 | D:4      | Reached skill level 5 in Axes
  2451 | D:4      | Found a glowing drain.
  2589 | D:4      | Found an ornate altar of the Wu Jian Council.
  2644 | D:4      | Found a white marble altar of Elyvilon.
  2751 | D:4      | Found a blossoming altar of Fedhas.
  2755 | D:4      | Found a glowing silver altar of Zin.
  2796 | D:5      | Entered Level 5 of the Dungeon
  2802 | D:5      | Found Gozag's Platinum Reserve.
  2812 | D:5      | Reached skill level 5 in Shields
  2967 | D:5      | Noticed a +0 dagger
  2967 | D:5      | Noticed a +0 dagger
  2971 | D:5      | Found a hide-covered altar of Uskayaw.
  3004 | D:5      | Reached XP level 7. HP: 46/64 MP: 6/6
  3008 | D:5      | Reached skill level 6 in Axes
  3307 | D:5      | Found Usmurghism's Antique Weapon Boutique.
  3319 | D:5      | Bought a transparent hand axe for 200 gold pieces
  3319 | D:5      | Identified the +6 hand axe "Ogreslayer" {pain, rElec
                  | Stlth+} (You bought it in a shop on level 5 of the Dungeon)
  3351 | D:5      | Found an opulent altar of Gozag.
  3407 | D:5      | Found a shadowy altar of Dithmenos.
  3545 | D:6      | Reached skill level 7 in Axes
  3550 | D:6      | Found an ancient bone altar of Kikubaaqudgha.
  3553 | D:6      | Noticed a human
  3554 | D:6      | Killed a human
  3597 | D:6      | Reached skill level 5 in Fighting
  3597 | D:6      | Reached XP level 8. HP: 58/74 MP: 7/7
  3645 | D:6      | Found a staircase to the Ecumenical Temple.
  3715 | Temple   | Entered the Ecumenical Temple
  4362 | D:6      | Reached skill level 8 in Axes
  4724 | D:7      | Reached skill level 9 in Axes
  4944 | D:7      | Found a glowing golden altar of the Shining One.
  5087 | D:7      | Noticed a komodo dragon
  5099 | D:7      | Killed a komodo dragon
  5100 | D:7      | Gained mutation: You passively map the area around you.
                  | [Deep Dwarf growth]
  5100 | D:7      | Reached XP level 9. HP: 51/82 MP: 6/6
  5189 | D:5      | Bought a broad axe for 100 gold pieces
  5459 | D:7      | Found a runed translucent gate.
  5459 | D:7      | Found a runed translucent gate.
  5460 | D:7      | Found a runed translucent gate.
  5462 | D:7      | Noticed mirkoslavko's ghost (novice MiBe)
  5462 | D:7      | Noticed skk's ghost (novice TeFi)
  5673 | D:8      | Found a staircase to the Lair.
  5765 | D:8      | Found Diriah's Book Boutique.
  5787 | D:8      | Reached skill level 10 in Axes
  6073 | D:8      | Noticed a manticore
  6086 | D:8      | Killed a manticore
  6398 | D:8      | Reached skill level 11 in Axes
  6422 | D:8      | Reached XP level 10. HP: 42/94 MP: 5/5
  7286 | D:9      | Found an iron altar of Okawaru.
  7555 | D:9      | Found a burning altar of Makhleb.
  7556 | D:9      | Noticed a balrug
  7560 | D:9      | Noticed an orange demon
  7560 | D:9      | Noticed an orange demon
  7562 | D:9      | Became a worshipper of Makhleb the Destroyer
  8018 | Lair:1   | Entered Level 1 of the Lair of Beasts
  8059 | Lair:1   | Found a gate leading to a gauntlet.
  8059 | Lair:1   | Noticed a black mamba
  8066 | Lair:1   | Killed a black mamba
  8067 | Lair:1   | Noticed a cane toad
  8078 | Lair:1   | Killed a cane toad
  8079 | Lair:1   | Reached skill level 12 in Axes
  8100 | Gauntlet | Entered a Gauntlet
  8100 | Gauntlet | Found a transporter.
  8100 | Gauntlet | Found a transporter.
  8100 | Gauntlet | Found a transporter.
  8100 | Gauntlet | Noticed a death scarab
  8102 | Gauntlet | Noticed a sixfirhy
  8104 | Gauntlet | Found a transporter.
  8104 | Gauntlet | Found a transporter.
  8105 | Gauntlet | Found a transporter.
  8109 | Gauntlet | Noticed a reaper
  8113 | Gauntlet | Noticed a spectral death yak
  8115 | Gauntlet | Found a transporter.
  8118 | Gauntlet | Found a transporter.
  8118 | Gauntlet | Found a transporter.
  8119 | Gauntlet | Found a transporter.
  8119 | Gauntlet | Noticed a wretched star
  8128 | Gauntlet | Found a transporter.
  8147 | Gauntlet | Found a transporter.
  8270 | Gauntlet | HP: 2/96 [spectral death yak (5)]
  8274 | Gauntlet | Killed a spectral death yak
  8276 | Gauntlet | Slain by a death scarab

Illustrated notes

Levels and vault maps discovered:
D:1:      ncdulo_halloftheorcs, layout_rooms, serial_shops, shop, st_stairs_12,
          hangedman_decor_clover_reticule
D:2:      layout_loops_ring, corexii_shack
D:3:      layout_loops_corners, hellmonk_ecumenical_altar_arch_garden,
          serial_forest, infiniplex_forest_end_2, infiniplex_forest_pool,
          infiniplex_forest_end_1, infiniplex_forest_lined_room_,
          infiniplex_forest_clump_small, infiniplex_forest_lined_3,
          infiniplex_forest_end_2
D:4:      layout_basic, mainiacjoe_overflow_cross_hatched, elyvilon_altar_3,
          nicolae_wu_jian_immortal_techniques, minitemple,
          gup_sewer_entry_glass, minmay_misc_feat_ornament, solitary_fountain
D:5:      layout_cave_pools, nicolae_gozag_zags_fifth_avenue,
          dancing_weapons_uskayaw, marbit_many_paths, serial_shops, shop
D:6:      layout_cave_pools, tgw_kikubaaqudgha, minmay_temple_entry_fiery,
          kennysheep_small_square
D:7:      layout_gridville, mainiacjoe_overflow_small_starburst,
          gammafunk_ghost_cemetery
D:8:      layout_loops_cross, erik_lair_orcish_takeover, serial_shops,
          nicolae_shop_waterfront, lightli_orcish_oven
D:9:      layout_stronghold, makhleb_altar_promises_db,
          mainiacjoe_overflow_chevrons, minmay_misc_feat_square,
          nicolae_underground_beach
Temple:   jpeg_temple_island
Lair:1:   layout_small_grid, gauntlet_entry_generic, uniq_prince_ribbit2,
          uniq_gastronok
Gauntlet: gammafunk_gauntlet_hard_choice [gammafunk_gauntlet_arena_mazey,
          gammafunk_gauntlet_arena_chambers, nicolae_gauntlet_arena_quarters,
          gammafunk_gauntlet_arena_split_x, gammafunk_gauntlet_arena_teeth,
          nicolae_gauntlet_arena_flowing_pool, gauntlet_exit_hidden_loot]

Skill      XL: |  1  2  3  4  5  6  7  8  9 10 |
---------------+-------------------------------+-----
Fighting       | 3 4 5 6 7 8 |  8.0
Axes           | 3 4 5 7 9 11 12 | 12.3
Shields        | 4 5 6 7 8 9 |  9.5
Armour         | |  3.7

Action                   |  1- 3 |  4- 6 |  7- 9 | 10-12 || total
-------------------------+-------+-------+-------+-------++-------
Melee: War axe           |   136 |   124 |    34 |       ||   294
       Hand axe          |       |       |   134 |       ||   134
       Broad axe         |       |       |   172 |    70 ||   242
 Abil: Heal Wounds       |     1 |     4 |    15 |     5 ||    25
Evoke: Wand              |       |       |     3 |     1 ||     4
  Use: Scroll            |     1 |       |       |    15 ||    16
       Potion            |       |     1 |     2 |     2 ||     5
 Stab: Paralysed         |       |       |     8 |     1 ||     9
Armor: Scale mail        |    58 |    67 |    38 |       ||   163
       Plate armour      |       |       |    77 |    25 ||   102
       Skin              |       |       |    25 |       ||    25
Dodge: Dodged            |    43 |    37 |    60 |    13 ||   153
Block: Kite shield       |    84 |    88 |   229 |    44 ||   445
